 Dungeon Crawl Stone Soup version 0.25-a0-829-g4e6a552925 (webtiles) character file.

Game seed: 11167940626578191449, levelgen mode: deterministic

36828 Esekla the Thaumaturge (level 13, -8/70 HPs)
             Began as a Tengu Venom Mage on Apr 21, 2020.
             Was a Priest of Ashenzari.
             Mangled by a vault guard
             ... wielding a +0 halberd
              (21 damage)
             ... on level 13 of the Dungeon on Apr 22, 2020.
             The game lasted 03:05:25 (21208 turns).

Esekla the Thaumaturge (Tengu Venom Mage)          Turns: 21208, Time: 03:05:26

Health: -8/70      AC:  9    Str:  8    XL:     13   Next: 92%
Magic:  24/29      EV: 28    Int: 20    God:    Ashenzari [***...]
Gold:   766        SH:  0    Dex: 26    Spells: 17/35 levels left

rFire    + . .     SeeInvis +   A - +4 falchion of Hepliaklqana's Grace {elec, rPois rC++ Dex+3} (curse)
rCold    + + .     Gourm    .   (no shield)
rNeg     . . .     Faith    .   z - +2 leather armour "Deqacwappop" {rF+ Dex+7 Stlth+} (curse)
rPois    +         Spirit   .   (helmet restricted)
rElec    .         Reflect  .   E - +2 cloak (curse)
rCorr    .         Harm     .   (no gloves)
MR       .....                  (boots unavailable)
Stlth    ++++......             (no amulet)
HPRegen  0.21/turn              K - +3 ring of evasion (curse)
MPRegen  0.21/turn              W - +3 ring of evasion

@: no status effects
A: beak, talons 3, repulsion field 1, sense surroundings 1, able to fly
a: Fly, Curse Item, Scrying, Renounce Religion


You were on level 13 of the Dungeon.
You worshipped Ashenzari.
Ashenzari was most pleased with you.
You were not hungry.

You visited 5 branches of the dungeon, and saw 19 of its levels.
You also visited: Ice Cave.

You collected 1198 gold pieces.
You spent 432 gold pieces at shops.

Inventory:

Hand Weapons
 i - the +9 war axe "Esekla's Regret" {flame, rPois rN+ Int+4 Dex-5}
   (You took it off a necromancer in an ice cave)

   It has been specially enchanted to burn those struck by it, causing extra
   injury to most foes and up to half again as much damage against particularly
   susceptible opponents.
   Big, fiery blades are also staple armaments of hydra-hunters.
   It affects your intelligence (+4).
   It affects your dexterity (-5).
   It protects you from poison.
   It protects you from negative energy.
 A - the cursed +4 falchion of Hepliaklqana's Grace (weapon) {elec, rPois rC++ Dex+3}
   (You found it on level 7 of the Dungeon)

   Occasionally, upon striking a foe, it will discharge some electrical energy
   and cause terrible harm.
   It affects your dexterity (+3).
   It greatly protects you from cold.
   It protects you from poison.
   It has a curse placed upon it.
 I - a +2 double sword of holy wrath
 L - a +3 trident
Missiles
 a - 29 poisoned darts
 r - 12 boomerangs (quivered)
 w - 4 curare-tipped darts
 J - 5 silver javelins
Armour
 b - a +0 troll leather armour
 z - the cursed +2 leather armour "Deqacwappop" (worn) {rF+ Dex+7 Stlth+}
   (You found it on level 9 of the Dungeon)

   It affects your dexterity (+7).
   It protects you from fire.
   It makes you more stealthy.
   It has a curse placed upon it.
 E - a cursed +2 cloak (worn)
Jewellery
 s - an uncursed ring of positive energy
 K - a cursed +3 ring of evasion (left hand)
 O - an uncursed ring of resist corrosion
 P - an uncursed ring of protection from magic
 T - the ring of Koblenka {*Corrode rElec rN+++ MR+++ Str+3 Dex-3}
   (You found it on level 3 of the Lair of Beasts)

   [ring of strength]

   It affects your strength (+3).
   It affects your dexterity (-3).
   It insulates you from electricity.
   It renders you almost immune to negative energy.
   It affects your resistance to hostile enchantments.
   It may corrode you when you take damage.
 V - an uncursed ring of ice
 W - a +3 ring of evasion (right hand)
Wands
 d - a wand of acid (25)
 v - a wand of digging (3)
 x - a wand of polymorph (22)
 Q - a wand of iceblast (26)
 R - a wand of clouds (4)
Scrolls
 e - a scroll of fear {unknown}
 g - 2 scrolls of remove curse
 h - 5 scrolls of teleportation
 k - 3 scrolls of immolation
 l - 2 scrolls of noise {unknown}
 n - 3 scrolls of magic mapping
 o - 6 scrolls of identify
 q - 2 scrolls of amnesia {unknown}
 y - 3 scrolls of enchant weapon
 F - a scroll of brand weapon {unknown}
 G - a scroll of fog {unknown}
 Y - a scroll of enchant armour
Potions
 f - 2 potions of lignification
 j - 4 potions of stabbing
 m - 3 potions of heal wounds
 p - 6 potions of curing
 t - 2 potions of might
 u - 2 potions of resistance
 B - a potion of cancellation
 C - 3 potions of berserk rage
 H - 2 potions of brilliance
 S - a potion of haste {unknown}
Miscellaneous
 D - a lightning rod (4/4)
Comestibles
 c - 22 rations


   Skills:
 + Level 4.1 Fighting
   Level 2.2(6.7) Short Blades
 * Level 10.0(12.8) Long Blades
 * Level 1.8 Axes
 + Level 1.8 Throwing
 + Level 5.6 Armour
 * Level 8.7 Dodging
 + Level 5.0 Stealth
 * Level 11.5 Spellcasting
 * Level 7.0 Conjurations
 + Level 4.5 Transmutations
 + Level 7.7 Fire Magic
 - Level 5.5 Air Magic
 * Level 1.8 Earth Magic
 + Level 7.8 Poison Magic


You had 17 spell levels left.
You knew the following spells:

 Your Spells              Type           Power        Failure   Level  Hunger
a - Sting                 Tmut/Pois      ####         1%          1    None
b - Bolt of Magma         Conj/Fire/Erth ####......   22%         5    ####...
c - Mephitic Cloud        Conj/Pois/Air  #####...     1%          3    None
n - Ignite Poison         Fire/Tmut/Pois #####...     1%          3    None
v - Poisonous Vapours     Pois/Air       #####.       1%          2    None
x - Olgreb's Toxic Radia  Pois           #####...     3%          4    #......

Your spell library contained the following spells:

 Spells                   Type           Power        Failure   Level  Hunger
 Petrify                  Tmut/Erth      ###.....     22%         4    #......
 Confusing Touch          Hex            ##......     24%         3    None
 Gell's Gravitas          Tloc           ##........   24%         3    None
 Iskenderun's Battlesphe  Conj/Chrm      ####....     45%         5    ####...
 Yara's Violent Unravell  Hex/Tmut       ###.......   65%         5    ####...
 Iron Shot                Conj/Erth      ####......   89%         6    ######.
 Metabolic Englaciation   Hex/Ice        ##........   92%         5    ####...
 Orb of Destruction       Conj           #####.....   98%         7    #######
 Spellforged Servitor     Conj/Summ      ####......   100%        7    #######


Dungeon Overview and Level Annotations

Branches:
Dungeon (13/15)            Temple (1/1) D:5            Lair (3/6) D:10
  Swamp (1/4) Lair:3       Spider (1/4) Lair:2        IceCv (visited)
    Orc: D:9-12      Vaults: D:13-14

Altars:
Ashenzari
Cheibriados
Dithmenos
Elyvilon
Fedhas
Gozag
Hepliaklqana
Kikubaaqudgha
Makhleb
Nemelex Xobeh
Okawaru
Qazlal
Ru
Sif Muna
Trog
Uskayaw
Vehumet
Wu Jian
Xom
Yredelemnul
Zin
The Shining One

Shops:
D:12 *   D:13 =

Annotations:
D:13 3 runed translucent doors, bmj180's ghost, journeyman DrCj
Lair:1 1 runed translucent door, Vazz's ghost, journeyman GnFi


Innate Abilities, Weirdness & Mutations

You have a beak for a mouth.
You have claws for feet.
You can fly continuously.
You are surrounded by a mild repulsion field. (EV +2)
You passively map a small area around you.


Message History

You hit the human. Your kick misses the human.
The human is almost dead.
The vault guard is engulfed in blazing flames. x2
The vault guard closely misses you. The vault guard misses you.
You hit the vault guard.
You claw the vault guard, but do no damage.
You peck the vault guard, but do no damage.
The vault guard is severely wounded.
The human is engulfed in blazing flames.
You kill the human!
You hit the vault guard but do no damage.
Lightning courses through the vault guard!!
You claw the vault guard, but do no damage.
The vault guard is almost dead.
The vault guard completely misses you.
The vault guard hits you from afar with a +0 halberd!!
The vault guard hits you with a +0 long sword!!
* * * LOW HITPOINT WARNING * * *
The vault guard hits you from afar with a +0 halberd!!
You die...

, ,#.#..p# #.........#...####
#§§...+∆#.....#####.......
##########''p# #.........#.......
........#....#########...#.......
..............p......#...########
..............p°.....#####.......
###...........pp○................
..#...........°pp................
..#...........pp@.....[..........
..#.....##################.......
..#.....#.............#..........
..#.....#.............#..........
..#.....#.............#..........
..#.....#####.....#######...#####
###.....#..........(...(#.......#
..#.....#...............#.......#
..#.....#............[.(#.......#


You could see 3 vault guards and 6 humans.

Vanquished Creatures
  Rupert (D:13)
  Josephine (D:11)
  Fannar (D:12)
  A centaur warrior (D:13)
  5 two-headed ogres
  A tengu warrior (D:13)
  Urug (Lair:1)
  An unseen horror (D:12)
  A deep elf mage (D:12)
  2 orb spiders (Spider:1)
  A necromancer (IceCv)
  2 cyclopes (D:13)
  A wolf spider (Lair:2)
  4 ice statues (IceCv)
  2 black mambas
  A torpor snail (Lair:2)
  Maggie (Lair:1)
  A gargoyle (D:10)
  6 spiny frogs
  A rime drake (Lair:3)
  A komodo dragon (Lair:3)
  6 ice devils (IceCv)
  5 trolls
  A polar bear (Lair:3)
  A hornet (Lair:2)
  10 hippogriffs
  4 blink frogs (Lair:1)
  A bog body (Lair:3)
  2 dream sheep (Lair:2)
  2 shadows
  Sigmund (D:5)
  16 yaks
  A vampire (D:13)
  4 wraiths
  A hungry ghost (D:10)
  A human (D:13)
  Grum (Lair:1)
  A basilisk (D:13)
  3 wyverns
  4 vampire mosquitoes (D:13)
  3 soldier ants
  6 water moccasins
  6 porcupines
  3 orc warriors
  A sky beast (D:5)
  A phantom (D:9)
  4 black bears
  A necrophage (D:10)
  3 ogres
  4 wolves (Lair:1)
  11 centaurs
  13 crocodiles
  4 big kobolds
  14 bullfrogs
  6 scorpions
  15 killer bees
  3 wights
  5 howler monkeys
  9 crimson imps
  4 centaur zombies
  A quasit (D:10)
  6 orc wizards
  4 hounds
  3 jellies
  2 orc priests (D:9)
  3 iguanas
  4 bullfrog skeletons
  Terence (D:2)
  3 troll simulacra (IceCv)
  10 worker ants
  A spriggan simulacrum (IceCv)
  A centaur simulacrum (IceCv)
  7 gnolls
  2 worker ant zombies
  6 adders
  A naga simulacrum (IceCv)
  4 ogre simulacra (IceCv)
  4 adder zombies
  An adder skeleton (D:9)
  A worm (D:2)
  8 leopard geckos
  21 orcs
  9 bats
  8 giant cockroaches
  8 goblins
  7 hobgoblins
  22 jackals
  6 quokkas
  4 ball pythons
  6 frilled lizards
  A giant cockroach zombie (D:5)
  A jackal zombie (D:8)
  20 kobolds
  A leopard gecko zombie (D:8)
  A quokka skeleton (D:7)
  5 rats (D:1)
410 creatures vanquished.

Vanquished Creatures (others)
  12 fungi
  2 plants (D:13)
14 creatures vanquished.

Grand Total: 424 creatures vanquished

Notes
Turn   | Place    | Note
-------+----------+-------------------------------------------
     0 | D:1      | Esekla the Tengu Venom Mage began the quest for the Orb.
     0 | D:1      | Reached XP level 1. HP: 10/10 MP: 4/4
   330 | D:1      | Reached XP level 2. HP: 15/15 MP: 3/6
   344 | D:1      | Learned a level 2 spell: Poisonous Vapours
   613 | D:2      | Reached XP level 3. HP: 17/19 MP: 2/7
   688 | D:1      | Learned a level 3 spell: Mephitic Cloud
  1082 | D:1      | Reached skill level 1 in Armour
  1255 | D:2      | Reached skill level 1 in Air Magic
  1255 | D:2      | Reached XP level 4. HP: 22/24 MP: 4/9
  1299 | D:2      | Reached skill level 3 in Spellcasting
  1334 | D:2      | Noticed Terence
  1336 | D:2      | Found a faded altar of an unknown god.
  1380 | D:2      | Killed Terence
  1380 | D:2      | Reached skill level 1 in Conjurations
  1690 | D:3      | Gained mutation: You can fly continuously. [Tengu growth]
  1690 | D:3      | Reached XP level 5. HP: 28/28 MP: 5/10
  1892 | D:3      | Found a hide-covered altar of Uskayaw.
  1892 | D:3      | Found a shattered altar of Ashenzari.
  1892 | D:3      | Found a bloodstained altar of Trog.
  2936 | D:5      | Entered Level 5 of the Dungeon
  2989 | D:5      | Reached skill level 1 in Short Blades
  2989 | D:5      | Reached XP level 6. HP: 33/33 MP: 7/12
  3468 | D:5      | Reached skill level 4 in Spellcasting
  3738 | D:5      | Learned a level 3 spell: Ignite Poison
  3836 | D:5      | Reached XP level 7. HP: 6/37 MP: 1/14
  3886 | D:5      | Noticed Sigmund
  4135 | D:5      | Killed Sigmund
  4135 | D:5      | Reached skill level 1 in Fighting
  4135 | D:5      | Reached skill level 1 in Fire Magic
  5039 | D:5      | Found an ornate altar of the Wu Jian Council.
  5124 | D:5      | Reached XP level 8. HP: 29/43 MP: 15/15
  5246 | D:5      | Found a staircase to the Ecumenical Temple.
  5258 | Temple   | Entered the Ecumenical Temple
  5427 | Temple   | Became a worshipper of Elyvilon the Healer
  6140 | D:6      | Found a blossoming altar of Fedhas.
  6411 | D:6      | Found a shimmering altar of Xom.
  6522 | D:7      | Reached * piety under Elyvilon
  6598 | D:7      | Reached skill level 5 in Air Magic
  6611 | D:7      | Found a radiant altar of Vehumet.
  6613 | D:7      | Found a burning altar of Makhleb.
  7023 | D:7      | Reached ** piety under Elyvilon
  7026 | D:7      | Noticed a hippogriff
  7041 | D:7      | Killed a hippogriff
  7041 | D:7      | Reached skill level 5 in Dodging
  7041 | D:7      | Reached skill level 5 in Spellcasting
  8151 | D:5      | Reached XP level 9. HP: 43/48 MP: 18/18
  8665 | D:7      | Got a polished falchion
  8679 | D:7      | Reached skill level 1 in Long Blades
  8709 | D:6      | Identified the +4 falchion of Hepliaklqana's Grace {elec,
                  | rPois rC++ Dex+3} (You found it on level 7 of the Dungeon)
  8712 | D:6      | Gained mutation: You are surrounded by a mild repulsion
                  | field. (EV +2) [potion of mutation]
  8712 | D:6      | Gained mutation: You passively map a small area around you.
                  | [potion of mutation]
  8737 | D:7      | Found a shimmering blue altar of Sif Muna.
  8752 | D:7      | Identified Sif Muna's Collected Works on Transmigration
  9211 | D:9      | Reached *** piety under Elyvilon
  9214 | D:9      | Got a fine leather armour
  9235 | D:9      | Reached skill level 5 in Conjurations
  9245 | D:9      | Identified the +2 leather armour "Deqacwappop" {rF+ Dex+7
                  | Stlth+} (You found it on level 9 of the Dungeon)
  9495 | D:7      | Reached skill level 6 in Spellcasting
  9547 | D:7      | Reached skill level 1 in Transmutations
 10601 | D:9      | Reached **** piety under Elyvilon
 10647 | D:9      | Reached skill level 7 in Spellcasting
 10896 | D:9      | Reached XP level 10. HP: 37/53 MP: 21/21
 11593 | D:10     | Entered Level 10 of the Dungeon
 11962 | D:3      | Fell from the grace of Elyvilon
 11962 | D:3      | Became a worshipper of Ashenzari the Shackled
 12187 | D:9      | Reached skill level 5 in Poison Magic
 12337 | D:10     | Found a staircase to the Lair.
 12364 | D:10     | Reached skill level 8 in Spellcasting
 12399 | Lair:1   | Entered Level 1 of the Lair of Beasts
 12426 | Lair:1   | Reached skill level 5 in Fire Magic
 12525 | Lair:1   | Noticed Urug
 12533 | Lair:1   | Noticed a spiny frog
 12545 | Lair:1   | Killed a spiny frog
 12545 | Lair:1   | Reached skill level 1 in Throwing
 12546 | Lair:1   | Killed Urug
 12681 | Lair:1   | Noticed Grum
 12709 | Lair:1   | Killed Grum
 12711 | Lair:1   | Reached XP level 11. HP: 55/57 MP: 12/24
 12730 | Lair:1   | Reached skill level 5 in Long Blades
 13010 | D:10     | Noticed a two-headed ogre
 13016 | D:10     | Killed a two-headed ogre
 13250 | D:10     | Noticed a two-headed ogre
 13257 | D:10     | Killed a two-headed ogre
 13369 | Lair:1   | Reached skill level 9 in Spellcasting
 13660 | Lair:1   | Noticed Maggie
 13819 | Lair:1   | Found a runed translucent door.
 13819 | Lair:1   | Found a shimmering altar of Xom.
 13819 | Lair:1   | Noticed a +1 flail of chaos
 13819 | Lair:1   | Noticed Vazz's ghost (journeyman GnFi)
 13820 | Lair:1   | Identified the +7 plate armour of the Worm {rPois rN+++
                  | Dex-5 Stlth+}
 13859 | Lair:1   | Learned a level 4 spell: Olgreb's Toxic Radiance
 13984 | Lair:1   | Killed Maggie
 14188 | Lair:2   | Reached * piety under Ashenzari
 14858 | Lair:2   | Reached XP level 12. HP: 62/62 MP: 26/26
 15332 | Lair:2   | Found a hole to the Spider Nest.
 15500 | Lair:3   | Reached skill level 10 in Spellcasting
 16087 | Lair:3   | Reached ** piety under Ashenzari
 16093 | Lair:3   | Identified the ring of Koblenka {*Corrode rElec rN+++ MR+++
                  | Str+3 Dex-3}
 16122 | Lair:3   | Found a staircase to the Swamp.
 16392 | Swamp:1  | Entered Level 1 of the Swamp
 16470 | Spider:1 | Entered Level 1 of the Spider Nest
 16788 | D:11     | Noticed Josephine
 16942 | D:11     | Killed Josephine
 17232 | D:11     | Noticed a two-headed ogre
 17242 | D:11     | Killed a two-headed ogre
 17242 | D:11     | Reached skill level 5 in Armour
 17316 | D:11     | Reached XP level 13. HP: 58/70 MP: 7/28
 17851 | D:12     | Reached skill level 11 in Spellcasting
 18061 | D:12     | Noticed Fannar
 18073 | D:12     | Killed Fannar
 18184 | D:12     | Found Tackest's Assorted Antiques.
 18196 | D:12     | Bought a paperback book for 405 gold pieces
 18196 | D:12     | Bought a scroll labeled INUUSS RUUDDISO for 27 gold pieces
 18217 | D:12     | Learned a level 5 spell: Bolt of Magma
 18414 | D:12     | Found a hide-covered altar of Uskayaw.
 18697 | D:13     | Found a frozen archway.
 18715 | IceCv    | Entered an ice cave
 18724 | IceCv    | Reached *** piety under Ashenzari
 19830 | IceCv    | Identified the +9 war axe "Esekla's Regret" {flame, rPois
                  | rN+ Int+4 Dex-5}
 19838 | IceCv    | Reached skill level 1 in Earth Magic
 20521 | D:13     | Found Iwnegag's Jewellery Emporium.
 20790 | D:13     | Reached skill level 1 in Axes
 20930 | D:13     | Found a runed translucent gate.
 20938 | D:13     | Found a runed translucent gate.
 20939 | D:13     | Found a runed translucent gate.
 20939 | D:13     | Identified the +4 dagger of Purpose {pain, *Noise rC+ Dex+8
                  | Stlth+}
 20939 | D:13     | Noticed bmj180's ghost (journeyman DrCj)
 20948 | D:13     | Identified the cursed +1 dagger "Memav" {drain, rC+}
 20967 | D:13     | Noticed Rupert
 20982 | D:13     | Killed Rupert
 20982 | D:13     | Reached skill level 10 in Long Blades
 20982 | D:13     | Reached skill level 5 in Stealth
 21191 | D:13     | Noticed a vault guard
 21191 | D:13     | Noticed a vault guard
 21191 | D:13     | Noticed a vault guard
 21208 | D:13     | Mangled by a vault guard

Levels and vault maps discovered:
D:1:      evilmike_arrival_rings, layout_basic
D:2:      layout_rooms, chequers_ecumenical_altar_simple_redux, uniq_terence
D:3:      layout_loops_cross, gammafunk_temple_overflow_forgotten
D:4:      layout_loops_ring
D:5:      layout_layer_cave, marbit_many_paths, temple_hall, first_ration,
          uniq_sigmund
D:6:      layout_layer_cave, xom_redecorated, kennysheep_mini_moat, minmay_holes
D:7:      layout_gridville, grunt_temple_overflow_lords_of_destruction,
          led_sif_book
D:8:      layout_loops_cross
D:9:      layout_stronghold, nrook_mini_backslash
D:10:     layout_rooms, due_lair_maze_entry_diamond
D:11:     layout_basic, kennysheep_orc_monster_closet_entryway, uniq_josephine
D:12:     layout_cave_pods, serial_shops, shop, basic_altar, uniq_fannar
D:13:     layout_grid_maze, ximxim_vaults_locker_room,
          portal_ice_cave_entry_pillars_2, gammafunk_ghost_nasty_kobolds,
          serial_shops, nicolae_shop_temple_entry_statues_fountains, uniq_rupert
Temple:   nicolae_temple_figure_eight
Lair:1:   layout_roguey, ebering_ghost_xom, chequers_serial_rivers_micro_c,
          uniq_maggie, uniq_grum, uniq_urug
Lair:2:   layout_gridlike, spider_nest_entry_rubble
Lair:3:   layout_roguey, skrybe_swamp_entry_bodies
Swamp:1:  layout_basic_swamp, evilmike_swamp_ruin_rubble_1, swamp_pool4,
          uniq_donald
Spider:1: layout_spider_delve, drop_trap

Skill      XL: |  1  2  3  4  5  6  7  8  9 10 11 12 13 |
---------------+----------------------------------------+-----
Armour         | 1 2 3 4 5 |  5.6
Dodging        | 3 4 5 6 7 8 |  8.7
Air Magic      | 1 2 3 4 5 |  5.5
Spellcasting   | 3 4 5 7 8 9 10 11 | 11.5
Conjurations   | 1 2 3 4 5 7 |  7.0
Short Blades   | 1 2 |  2.2
Fighting       | 1 2 3 4 |  4.1
Fire Magic     | 1 2 4 5 6 7 |  7.7
Long Blades    | 3 4 6 8 10 | 10.0
Poison Magic   | 4 5 6 7 |  7.8
Transmutations | 1 3 4 |  4.5
Throwing       | 1 |  1.8
Stealth        | 3 4 5 |  5.0
Earth Magic    | 1 |  1.8
Axes           | 1 |  1.8

Action                   |  1- 3 |  4- 6 |  7- 9 | 10-12 | 13-15 || total
-------------------------+-------+-------+-------+-------+-------++-------
Melee: Unarmed           |     4 |       |       |       |       ||     4
       Dagger            |    55 |    83 |   283 |       |       ||   421
       Kick              |     7 |    16 |    99 |   136 |   110 ||   368
       Peck              |     4 |    13 |    46 |    74 |    65 ||   202
       Long sword        |       |       |    30 |       |       ||    30
       Falchion          |       |       |    60 |   263 |   192 ||   515
Throw: Dart              |     2 |       |    14 |    14 |     3 ||    33
       Boomerang         |       |       |     9 |    18 |    16 ||    43
 Cast: Sting             |     8 |       |       |       |       ||     8
       Poisonous Vapours |    27 |    41 |   119 |   216 |    40 ||   443
       Mephitic Cloud    |       |       |    10 |    21 |    24 ||    55
       Ignite Poison     |       |       |     2 |    22 |    30 ||    54
       Olgreb's Toxic Ra |       |       |       |     1 |       ||     1
Invok: Lesser Healing    |       |       |     1 |       |       ||     1
       Curse Item        |       |       |       |     4 |       ||     4
       Greater Healing   |       |       |       |     2 |       ||     2
 Abil: Fly               |       |       |     1 |       |       ||     1
       Stop Flying       |       |       |     1 |       |       ||     1
  Use: Potion            |       |     1 |     2 |     1 |     1 ||     5
       Scroll            |       |       |    15 |     3 |     3 ||    21
 Stab: Sleeping          |     3 |     1 |     6 |     9 |    13 ||    32
       Distracted        |       |       |     1 |       |     2 ||     3
       Confused          |       |       |       |     7 |     6 ||    13
  Eat: Chunk             |     2 |     7 |    22 |    22 |     7 ||    60
       Ration            |       |     1 |     1 |       |     2 ||     4
Armor: Leather armour    |    32 |     8 |    42 |    31 |    30 ||   143
       Skin              |       |     8 |     8 |       |       ||    16
Dodge: Dodged            |    68 |    61 |   247 |   317 |   193 ||   886
       Rpst.: Long sword |       |       |     4 |       |       ||     4
       Falchion          |       |       |    17 |    88 |    53 ||   158

Table legend:
 A = Non-vault XP
 B = Vault XP
 C = Vault XP percentage of total XP
 D = Non-vault monster count
 E = Vault monster count
 F = Vault count percentage of total count
                 A         B        C        D         E       F
            +---------+---------+-------+---------+---------+-------
      Total |   38282 |   14330 |  27.2 |     358 |      52 |  12.7
            +---------+---------+-------+---------+---------+-------
        D:1 |      46 |       0 |   0.0 |      30 |       0 |   0.0
        D:2 |      57 |      36 |  38.7 |      24 |       1 |   4.0
        D:3 |      53 |       0 |   0.0 |       9 |       0 |   0.0
        D:4 |     230 |       0 |   0.0 |       8 |       0 |   0.0
        D:5 |     769 |     237 |  23.6 |      26 |       2 |   7.1
        D:6 |     463 |       0 |   0.0 |      17 |       0 |   0.0
        D:7 |    1081 |     130 |  10.7 |      18 |       3 |  14.3
        D:8 |     646 |       0 |   0.0 |      22 |       0 |   0.0
        D:9 |    2089 |       0 |   0.0 |      37 |       0 |   0.0
       D:10 |    3608 |    1075 |  23.0 |      27 |       9 |  25.0
       D:11 |    5087 |    1698 |  25.0 |      36 |       4 |  10.0
       D:12 |    4154 |    1002 |  19.4 |      14 |       1 |   6.7
       D:13 |    6493 |    3018 |  31.7 |      32 |       2 |   5.9
     Lair:1 |    4109 |    1797 |  30.4 |      19 |       7 |  26.9
     Lair:2 |    5217 |     535 |   9.3 |      22 |       1 |   4.3
     Lair:3 |    2989 |     253 |   7.8 |      15 |       1 |   6.2
   Spider:1 |    1191 |       0 |   0.0 |       2 |       0 |   0.0
      IceCv |       0 |    4549 | 100.0 |       0 |      21 | 100.0
            +---------+---------+-------+---------+---------+-------
